 Dungeon Crawl Stone Soup version 0.19-a0-892-g8a19e52 (webtiles) character file.

910 Stormphoenix the Basher (level 8, 0/46 HPs)
             Began as a Gargoyle Fighter on July 4, 2016.
             Was a Believer of Okawaru.
             Slain by a killer bee (1 damage)
             ... on level 5 of the Dungeon.
             The game lasted 00:09:38 (4633 turns).

Stormphoenix the Basher (Gargoyle Fighter)          Turns: 4633, Time: 00:09:39

Health: 0/46       AC: 15    Str: 18 (20) XL:     8   Next: 8%
Magic:  0/8        EV:  7    Int:  7 (9)  God:    Okawaru [**....]
Gold:   152        SH:  8    Dex:  9      Spells: 0 memorised, 7 levels left

rFire  + . .     SeeInvis .     a - +0 flail
rCold  . . .     Gourm    .     b - +0 scale mail
rNeg   + . .     Faith    .     c - +0 shield
rPois  ∞         Spirit   +     (no helmet)
rElec  +         Dismiss  .     j - +0 cloak
rCorr  .         Reflect  .     q - +1 pair of gloves
SustAt .         Harm     .     (no boots)
MR     +....                    s - amulet of guardian spirit
Stlth  ..........               (no ring)
                                o - ring of protection from fire

@: somewhat resistant to hostile enchantments, extremely unstealthy
A: big wings, fangs 1, blurry vision 1, magic resistance 1, negative energy
resistance 1, electricity resistance, weak 1, unbreathing, petrification
resistance, rot immunity, AC +5
a: Fly, Heroism, Renounce Religion


You were on level 5 of the Dungeon.
You worshipped Okawaru.
Okawaru was pleased with you.
You were not hungry.

You visited 2 branches of the dungeon, and saw 6 of its levels.

You collected 152 gold pieces.

Inventory:

Hand Weapons
 a - a +0 flail (weapon)
Armour
 b - a +0 scale mail (worn)
 c - a +0 shield (worn)
 j - a +0 cloak (worn)
 q - a +1 pair of gloves (worn)
Jewellery
 o - a ring of protection from fire (left hand)
 s - an amulet of guardian spirit (around neck)
Scrolls
 d - 3 scrolls of fog {unknown}
 e - 7 scrolls of identify
 k - a scroll of fear
 l - a scroll of remove curse
Potions
 h - a potion of flight
 m - 2 potions of curing
 n - a potion of cancellation
Comestibles
 f - 5 bread rations
 g - 4 meat rations
 i - a beef jerky
 p - a royal jelly


   Skills:
 - Level 3.2 Fighting
 + Level 9.2 Maces & Flails
 - Level 3.2 Armour
 - Level 3.2 Shields


You had 7 spell levels left.
You didn't know any spells.

Dungeon Overview and Level Annotations

Branches:
Dungeon (5/15)             Temple (1/1) D:5

Altars:
Ashenzari
Cheibriados
Dithmenos
Elyvilon
Fedhas
Gozag
Hepliaklqana
Kikubaaqudgha
Makhleb
Nemelex Xobeh
Okawaru
Qazlal
Ru
Sif Muna
Trog
Uskayaw
Vehumet
Xom
Yredelemnul
Zin
The Shining One

Annotations:
D:3 Purgy
D:5 1 runed door


Innate Abilities, Weirdness & Mutations

You are resistant to torment.
Your stone body is resilient. (AC +5)
You are immune to poison.
You resist negative energy. (rN+)
You are resistant to electric shocks. (rElec)
You can survive without breathing.
You are immune to petrification.
You are immune to rotting.
Your large and strong wings let you fly indefinitely.
You have very sharp teeth.
Scrolls take you a little longer to read.
You are resistant to hostile enchantments. (MR+)
You are weak. (Str -2)


Message History

The killer bee is moderately wounded.
The killer bee stings you but does no damage.
You block the killer bee's attack.
The killer bee stings you but does no damage. x3
You miss the killer bee.
The killer bee is moderately wounded.
You block the killer bee's attack.
The killer bee stings you but does no damage. x2
The killer bee closely misses you.
You barely miss the killer bee.
The killer bee is moderately wounded.
You block the killer bee's attack. The killer bee closely misses you.
The killer bee stings you.
* * * LOW HITPOINT WARNING * * *
The killer bee stings you.
* * * LOW HITPOINT WARNING * * *
You miss the killer bee.
The killer bee is moderately wounded.
You block the killer bee's attack. The killer bee stings you.
You die...

.####.## #......# #.......
..###..########......#####.......
..'..................'.>|........
..####.########......#####.......
..# #.......##......# #.......
..# #.......######### #.#####.
.## ##......# #.# #. ..#
#......##### #.# #. ..#
#........y@# #.# #. ..#
#......###y# #(# ## ..#
#.########s#########.# ###
#.#......asa......##.#
#######.#..........a[...##.#
##...##.#....#######s...##.#
.....##.#....#....a#....##.#
.....##.#....+..$ss'†...##.#
.....##.#....#.....#....##.###


You could see 2 worker ants, 2 killer bees and 2 giant cockroaches.

Vanquished Creatures
  A phantom (D:5)
  An ice beast (D:5)
  A sky beast (D:5)
  A scorpion (D:4)
  A killer bee (D:5)
  A howler monkey (D:5)
  A giant frog zombie (D:5)
  An orc priest (D:3)
  A centaur skeleton (D:4)
  A hound (D:4)
  An iguana (D:4)
  2 orc wizards
  6 worker ants
  3 adders
  A gnoll (D:2)
  2 adder zombies (D:5)
  An ooze (D:3)
  An adder skeleton (D:5)
  A worm (D:2)
  3 giant geckos
  25 orcs
  5 giant cockroaches
  12 goblins
  6 hobgoblins
  2 quokkas
  A ball python (D:4)
  A ball python skeleton (D:5)
  9 bats
  A giant newt (D:2)
  6 kobolds
  A quokka skeleton (D:4)
  6 rats
106 creatures vanquished.

Notes
Turn   | Place    | Note
-------+----------+-------------------------------------------
     0 | D:1      | Stormphoenix the Gargoyle Fighter began the quest for the Orb.
     0 | D:1      | Reached XP level 1. HP: 14/14 MP: 1/1
   367 | D:1      | Reached XP level 2. HP: 19/19 MP: 2/2
   545 | D:1      | Reached skill level 3 in Maces & Flails
   977 | D:2      | Found a faded altar of an unknown god.
  1081 | D:2      | Found an iron altar of Okawaru.
  1093 | D:2      | Reached XP level 3. HP: 19/23 MP: 3/3
  1324 | D:2      | Became a worshipper of Warmaster Okawaru
  1539 | D:2      | Reached skill level 4 in Maces & Flails
  1542 | D:2      | Reached XP level 4. HP: 28/28 MP: 4/4
  1586 | D:2      | Found an ancient bone altar of Kikubaaqudgha.
  1589 | D:2      | Found a snail-covered altar of Cheibriados.
  1592 | D:2      | Found a shimmering altar of Xom.
  1636 | D:2      | Gained mutation: Scrolls take you a little longer to read. [potion of mutation]
  1636 | D:2      | Gained mutation: You are weak. (Str -2) [potion of mutation]
  1636 | D:2      | Gained mutation: You evolve. [potion of mutation]
  1647 | D:3      | Gained mutation: Your large and strong wings let you fly indefinitely. [evolution]
  2012 | D:3      | Reached skill level 5 in Maces & Flails
  2012 | D:3      | Reached XP level 5. HP: 31/32 MP: 5/5
  2061 | D:3      | Reached * piety under Okawaru
  2646 | D:3      | Noticed Purgy
  2674 | D:3      | Gained mutation: You have very sharp teeth. [potion of beneficial mutation]
  2753 | D:4      | Reached skill level 6 in Maces & Flails
  2847 | D:4      | Reached XP level 6. HP: 26/37 MP: 6/6
  3347 | D:4      | Reached skill level 7 in Maces & Flails
  3581 | D:5      | Entered Level 5 of the Dungeon
  3590 | D:5      | Reached XP level 7. HP: 41/41 MP: 3/7
  3633 | D:5      | Reached ** piety under Okawaru
  3703 | D:5      | Found a staircase to the Ecumenical Temple.
  3712 | Temple   | Entered the Ecumenical Temple
  4091 | D:5      | Reached skill level 8 in Maces & Flails
  4195 | D:5      | Found a stormy altar of Qazlal.
  4255 | D:5      | Found a runed door.
  4267 | D:5      | Found a runed door.
  4513 | D:5      | Gained mutation: You are resistant to hostile enchantments. (MR+) [evolution]
  4513 | D:5      | Lost mutation: You evolve. [end of evolution]
  4581 | D:5      | Reached skill level 9 in Maces & Flails
  4581 | D:5      | Reached XP level 8. HP: 46/46 MP: 5/8
  4632 | D:5      | HP: 1/46 [killer bee (2)]
  4633 | D:5      | Slain by a killer bee

Vault maps used:
D:1:      lightli_iron_boxes
D:2:      okawaru_altar_gauntlet_db, grunt_temple_overflow_diamond,
          ecumenical_altar_2
D:3:      corexii_item_surrounded_by_moat, uniq_purgy
D:4:      first_bread
D:5:      lemuel_insect_pit, kennysheep_mini_moat
Temple:   lightli_temple_of_artemis

Skill      XL: |  1  2  3  4  5  6  7 |
---------------+----------------------+-----
Maces & Flails | 3 4 5 6 7 9 |  9.2
Fighting       | |  3.2
Armour         | |  3.2
Shields        | |  3.2

Action                   |  1- 3 |  4- 6 |  7- 9 || total
-------------------------+-------+-------+-------++-------
Melee: Flail             |   135 |   225 |   193 ||   553
       Bite              |       |     3 |    11 ||    14
Invok: Heroism           |       |       |     1 ||     1
  Use: Scroll            |     2 |     9 |       ||    11
       Potion            |     1 |     6 |     2 ||     9
  Eat: Chunk             |     2 |     6 |     2 ||    10
       Pizza             |       |     1 |       ||     1
       Beef jerky        |       |       |     1 ||     1
Armor: Scale mail        |    91 |   118 |   147 ||   356
Dodge: Dodged            |    47 |    67 |    98 ||   212
Block: Shield            |    85 |   104 |   116 ||   305
